 Dungeon Crawl Stone Soup version 0.29.1 (webtiles) character file.

Game seed: 12640071623386560099

17594 bpung the Blocker (level 12, -3/80 HPs)
             Began as a Gargoyle Fighter on Sept 15, 2022.
             Was a High Priest of Okawaru.
             Slain by a death yak (16 damage)
             ... on level 3 of the Lair of Beasts.
             The game lasted 00:25:07 (8788 turns).

bpung the Blocker (Gargoyle Fighter)                Turns: 8788, Time: 00:25:08

Health: -3/80      AC: 24    Str: 37    XL:     12   Next: 49%
Magic:  5/12       EV: 12    Int: 10    God:    Okawaru [*****.]
Gold:   525        SH:  8    Dex: 12    Spells: 11/11 levels left

rFire   . . .      SeeInvis .   a - +6 mace "Xedeah" {vorpal, rPois rF+ rC++}
rCold   + + +      Faith    .   c - +0 buckler
rNeg    + . .      Spirit   .   h - +1 scale mail "Sadducis" {Rampage rF- rCorr Str+4}
rPois   ∞          Reflect  .   n - +2 helmet
rElec   +          Harm     .   w - -1 cloak of the Amoeba {rElec Regen+ Dex+4}
rCorr   +          Rampage  +   (no gloves)
Will    .....                   (no boots)
Stlth   +.........              g - amulet of regeneration
HPRegen 1.83/turn               t - +6 ring of strength
MPRegen 0.13/turn               b - +4 ring of slaying

@: heroic, finesse-ful
A: sickness immunity, AC +8, negative energy resistance 1, electricity
resistance, torment resistance 1, petrification resistance, cold resistance 1,
screaming 1, strong 1, MP-powered wands
a: Renounce Religion, Heroism, Finesse, Duel


You were on level 3 of the Lair of Beasts.
You worshipped Okawaru.
Okawaru was extremely pleased with you.
You visited 3 branches of the dungeon, and saw 13 of its levels.

You collected 525 gold pieces.

Inventory:

Hand Weapons
 a - the +6 mace "Xedeah" (weapon) {vorpal, rPois rF+ rC++}
   (You found it on level 1 of the Lair of Beasts)

   It inflicts extra damage upon your enemies.
   rF:        It protects you from fire.
   rC:        It greatly protects you from cold.
   rPois:     It protects you from poison.
 l - a +3 quarterstaff of chaos
 q - the +10 war axe of Affung {speed, rN++ rCorr Str-2 Dex+4}
   (You found it on level 6 of the Dungeon)

   Attacks with this weapon are significantly faster.
   Str:       It affects your strength (-2).
   Dex:       It affects your dexterity (+4).
   rN:        It greatly protects you from negative energy.
   rCorr:     It protects you from acid and corrosion.
 u - a +8 mace of freezing
Missiles
 i - 15 javelins
 j - 2 silver boomerangs (quivered)
Armour
 c - a +0 buckler (worn)
 h - the +1 scale mail "Sadducis" (worn) {Rampage rF- rCorr Str+4}
   (You found it on level 2 of the Dungeon)

   Str:       It affects your strength (+4).
   rF:        It makes you vulnerable to fire.
   rCorr:     It protects you from acid and corrosion.
   Rampage:   It bestows one free step when moving towards enemies.
 m - a +1 cloak
 n - a +2 helmet (worn)
 w - the -1 cloak of the Amoeba (worn) {rElec Regen+ Dex+4}
   (Okawaru gifted it to you on level 2 of the Lair of Beasts)

   Dex:       It affects your dexterity (+4).
   rElec:     It insulates you from electricity.
   Regen:     It increases your rate of health regeneration.
Jewellery
 b - a +4 ring of slaying (right hand)
 g - an amulet of regeneration (around neck)
 p - a +4 ring of evasion
 t - a +6 ring of strength (left hand)
 z - a ring of see invisible
Wands
 d - a wand of flame (15)
 v - a wand of digging (3)
 x - a wand of polymorph (5)
 B - a wand of roots (11)
 D - a wand of paralysis (5)
 F - a wand of mindburst (11)
Scrolls
 e - 6 scrolls of identify
 f - a scroll of poison
 E - 2 scrolls of teleportation
Potions
 k - 2 potions of berserk rage
 o - a potion of haste
 r - 6 potions of curing
 s - 2 potions of flight
 A - 3 potions of ambrosia


   Skills:
 + Level 11.6(16.6) Fighting
 + Level 10.4(15.4) Maces & Flails
 + Level 11.6(16.6) Armour
 + Level 11.6(16.6) Shields


You had 11 spell levels left.
You didn't know any spells.
Your spell library contained the following spells:

 Spells                   Type           Power      Damage    Failure   Level
 Apportation              Tloc           0%         N/A       54%         1
 Magic Dart               Conj           0%         1d3       54%         1
 Necrotise                Necr           0%         1d4       54%         1
 Ensorcelled Hibernation  Hex/Ice        0%         N/A       67%         2
 Searing Ray              Conj           0%         2d4       67%         2
 Spider Form              Tmut/Pois      0%         N/A       88%         3
 Anguish                  Hex/Necr       0%         N/A       99%         4
 Fulminant Prism          Conj/Hex       0%         3d6       99%         4
 Summon Small Mammal      Summ           Unusable   N/A       N/A         1

Dungeon Overview and Level Annotations

Branches:
Dungeon (9/15)             Temple (1/1) D:5            Lair (3/5) D:8
  Snake (0/4) Lair:2
  Swamp: Lair:2-3    Shoals: Lair:2-3       Orc: D:9-12

Altars:
Ashenzari
Cheibriados
Dithmenos
Elyvilon
Fedhas
Gozag
Hepliaklqana
Kikubaaqudgha
Makhleb
Nemelex Xobeh
Okawaru
Qazlal
Ru
Sif Muna
Trog
Uskayaw
Vehumet
Wu Jian
Xom
Yredelemnul
Zin
The Shining One

Shops:
D:1 *   D:3 (   D:6 (


Innate Abilities, Weirdness & Mutations

You are immune to sickness and miasma.
Your stone body is resilient. (AC +8)
You are immune to poison.
You resist negative energy. (rN+)
You are resistant to electric shocks. (rElec)
You are resistant to unholy torment.
You are immune to petrification.
Your flesh is cold resistant. (rC+)
You occasionally shout uncontrollably at your foes.
Your muscles are strong. (Str +4, Int/Dex -1)
You expend magic power (3 MP) to strengthen your wands.


Message History

You hit the death yak but do no damage.
The death yak is lightly wounded.
The death yak completely misses you. The death yak barely misses you.
You sock the death yak!
The death yak is moderately wounded.
The death yak gores you but does no damage.
You barely miss the death yak.
The death yak is moderately wounded.
You hit the death yak.
The death yak is heavily wounded.
The death yak gores you!!
You hit the death yak.
The death yak is heavily wounded.
You barely miss the death yak.
The death yak is lightly wounded.
The death yak gores you!
The death yak gores you but does no damage.
You thump the death yak!
The death yak is moderately wounded.
The death yak gores you!
* * * LOW HITPOINT WARNING * * *
The death yak closely misses you.
Unknown command.
The death yak gores you.
* * * LOW HITPOINT WARNING * * *
The death yak attacks as you move away! The death yak gores you!
* * * LOW HITPOINT WARNING * * *
Okay, then.
Okay, then.
Okay, then.
You gain the combat prowess of a mighty hero.
The death yak closely misses you.
You can now deal lightning-fast blows.
The death yak gores you but does no damage.
You hit the death yak.
The death yak is moderately wounded.
You sock the death yak!
The death yak is heavily wounded.
The death yak gores you!
You die...

....P...#......$Y...#
##.##..#††####.#####.#
####.P# ### #P..# #..##
#...# ##...###
.###...Y#.#######
~........Y@..#....#
~...........>#.<.#...
.....#.......†.........
.....#####.##†#...#...#
.... ##.###...# ... ...
## #..... . ... #....##
#....# ##....


You could see 2 death yaks.

Vanquished Creatures
  6 death yaks
  4 black mambas (Lair:2)
  Joseph (D:7)
  5 torpor snails (Lair:2)
  7 cane toads
  An unseen horror zombie (D:8)
  3 komodo dragons
  2 hornets
  4 blink frogs (Lair:2)
  Sigmund (D:2)
  2 wyverns
  4 yaks (Lair:2)
  A steam dragon (D:6)
  Edmund (D:6)
  Duvessa (D:5)
  12 water moccasins
  An ice beast (D:7)
  2 black bears
  2 sky beasts
  2 ogres
  A centaur (D:7)
  16 wolves
  2 phantoms
  A kobold brigand (D:8)
  3 bullfrogs
  3 scorpions
  A necrophage (D:4)
  A gnoll sergeant (D:5)
  A wyvern zombie (D:8)
  Dowan (D:5)
  8 wights (D:6)
  2 howler monkeys (D:8)
  3 centaur zombies (D:8)
  6 hounds
  2 gnoll boudas
  3 jellies
  Crazy Yiuf (D:2)
  4 iguanas
  An orc wizard (D:6)
  2 killer bee zombies (D:8)
  2 howler monkey zombies (D:8)
  Robin (D:2)
  8 adders
  14 gnolls
  A shadow imp (D:7)
  A white imp (D:7)
  2 worms
  A dart slug (D:5)
  8 orcs
  5 endoplasms
  3 giant cockroaches
  15 goblins
  11 hobgoblins
  11 jackals
  5 quokkas
  8 ball pythons
  6 bats
  3 frilled lizards
  12 kobolds
  5 rats
246 creatures vanquished.

Vanquished Creatures (others)
  11 bushes (Lair:2)
  19 fungi
  23 plants
  3 toadstools (D:1)
56 creatures vanquished.

Grand Total: 302 creatures vanquished

Notes
Turn   | Place    | Note
-------+----------+-------------------------------------------
     0 | D:1      | bpung the Gargoyle Fighter began the quest for the Orb.
     0 | D:1      | Reached XP level 1. HP: 14/14 MP: 1/1
    40 | D:1      | Found Ciugaxt's Assorted Antiques.
   359 | D:1      | Reached XP level 2. HP: 18/19 MP: 2/2
   678 | D:1      | Found a faded altar of an unknown god.
   696 | D:1      | Reached XP level 3. HP: 23/23 MP: 3/3
  1201 | D:2      | Noticed Sigmund
  1210 | D:2      | Killed Sigmund
  1211 | D:2      | Reached XP level 4. HP: 13/30 MP: 4/4
  1211 | D:2      | Reached XP level 5. HP: 14/34 MP: 5/5
  1211 | D:2      | Identified the +1 scale mail "Sadducis" {Rampage rF- rCorr
                  | Str+4}
  1224 | D:2      | Identified a scroll of acquirement
  1224 | D:2      | Acquired an amulet of regeneration
  1541 | D:2      | Reached XP level 6. HP: 37/39 MP: 6/6
  1820 | D:2      | Noticed Robin
  1883 | D:2      | Killed Robin
  1946 | D:2      | Found a runed translucent door.
  1947 | D:2      | Noticed Crazy Yiuf
  1958 | D:2      | Killed Crazy Yiuf
  2183 | D:3      | Found Sovommopun's Weapon Shoppe.
  2728 | D:4      | Reached skill level 5 in Fighting
  2774 | D:4      | Reached skill level 5 in Armour
  2774 | D:4      | Reached skill level 5 in Shields
  2803 | D:4      | Reached XP level 7. HP: 44/44 MP: 7/7
  2812 | D:4      | Found a shadowy altar of Dithmenos.
  2902 | D:4      | Found a white marble altar of Elyvilon.
  3214 | D:5      | Entered Level 5 of the Dungeon
  3477 | D:5      | Found a radiant altar of Vehumet.
  3479 | D:5      | Found a glowing golden altar of the Shining One.
  3513 | D:5      | Noticed Duvessa
  3513 | D:5      | Noticed Dowan
  3533 | D:5      | Killed Duvessa
  3534 | D:5      | Reached XP level 8. HP: 49/51 MP: 8/8
  3541 | D:5      | Killed Dowan
  3687 | D:5      | Found a staircase to the Ecumenical Temple.
  3696 | Temple   | Entered the Ecumenical Temple
  3822 | Temple   | Became a worshipper of Warmaster Okawaru
  3908 | D:5      | Reached skill level 5 in Maces & Flails
  3988 | D:5      | Found a sparkling altar of Nemelex Xobeh.
  3989 | D:5      | Found an opulent altar of Gozag.
  4055 | D:5      | Found a blossoming altar of Fedhas.
  4080 | D:5      | Found a burning altar of Makhleb.
  4407 | D:6      | Found a glowing silver altar of Zin.
  4475 | D:6      | Reached * piety under Okawaru
  4563 | D:6      | Noticed Edmund
  4571 | D:6      | Killed Edmund
  4581 | D:6      | Identified the +10 war axe of Affung {speed, rN++ rCorr
                  | Str-2 Dex+4}
  4624 | D:6      | Reached XP level 9. HP: 56/56 MP: 9/9
  4705 | D:6      | Found Udiolar's Firing Range.
  4774 | D:6      | HP: 2/57 [steam dragon/ball of steam (19)]
  4778 | D:6      | Reached ** piety under Okawaru
  5343 | D:7      | Found a stormy altar of Qazlal.
  5403 | D:7      | Found a broken altar of Ashenzari.
  5403 | D:7      | Noticed Joseph
  5413 | D:7      | Killed Joseph
  5482 | D:7      | Reached XP level 10. HP: 64/64 MP: 10/10
  5881 | D:8      | Reached *** piety under Okawaru
  5966 | D:8      | You fall into a shaft and drop 1 floor!
  5974 | D:9      | Found a sacrificial altar of Ru.
  6142 | D:8      | Found a basalt altar of Yredelemnul.
  6352 | D:8      | Found a staircase to the Lair.
  6635 | Lair:1   | Entered Level 1 of the Lair of Beasts
  6641 | Lair:1   | Noticed a cane toad
  6644 | Lair:1   | Noticed a cane toad
  6677 | D:8      | Killed a cane toad
  6677 | D:8      | Reached **** piety under Okawaru
  6913 | Lair:1   | Noticed a cane toad
  6920 | Lair:1   | Killed a cane toad
  6937 | Lair:1   | You fall into a shaft and drop 1 floor!
  6937 | Lair:2   | Noticed a death yak
  6937 | Lair:2   | Noticed a death yak
  6937 | Lair:2   | Noticed a death yak
  6938 | Lair:2   | Noticed a death yak
  7103 | Lair:2   | Noticed a black mamba
  7121 | Lair:2   | Killed a death yak
  7121 | Lair:2   | Reached ***** piety under Okawaru
  7122 | Lair:2   | Reached XP level 11. HP: 36/72 MP: 8/11
  7133 | Lair:2   | Killed a death yak
  7136 | Lair:2   | Identified the -1 cloak of the Amoeba {rElec Regen+ Dex+4}
                  | (Okawaru gifted it to you on level 2 of the Lair of Beasts)
  7136 | Lair:2   | Received a gift from Okawaru
  7137 | Lair:2   | Reached skill level 10 in Fighting
  7137 | Lair:2   | Reached skill level 10 in Armour
  7137 | Lair:2   | Reached skill level 10 in Shields
  7149 | Lair:2   | Killed a death yak
  7270 | Lair:2   | Found a staircase to the Snake Pit.
  7626 | Lair:2   | Reached XP level 12. HP: 78/80 MP: 12/12
  7661 | Lair:2   | Found a snail-covered altar of Cheibriados.
  7704 | Lair:2   | Reached skill level 10 in Maces & Flails
  8300 | Lair:1   | Received a gift from Okawaru
  8310 | Lair:1   | Identified the +6 mace "Xedeah" {vorpal, rPois rF+ rC++}
  8321 | Lair:1   | Gained mutation: You expend magic power (3 MP) to
                  | strengthen your wands. [potion of mutation]
  8321 | Lair:1   | Gained mutation: Your muscles are strong. (Str +4, Int/Dex
                  | -1) [potion of mutation]
  8321 | Lair:1   | Gained mutation: You occasionally shout uncontrollably at
                  | your foes. [potion of mutation]
  8321 | Lair:1   | Gained mutation: Your flesh is cold resistant. (rC+)
                  | [potion of mutation]
  8737 | Lair:3   | Noticed a death yak
  8737 | Lair:3   | Noticed a death yak
  8738 | Lair:3   | Noticed a death yak
  8738 | Lair:3   | Noticed a death yak
  8752 | Lair:3   | Noticed a death yak
  8756 | Lair:3   | Killed a death yak
  8756 | Lair:3   | Reached ****** piety under Okawaru
  8758 | Lair:3   | Killed a death yak
  8768 | Lair:3   | Killed a death yak
  8783 | Lair:3   | HP: 4/80 [death yak (12)]
  8788 | Lair:3   | Slain by a death yak

Illustrated notes

Levels and vault maps discovered:
D:1:      elethiomel_arrival_shortcut, layout_loops_ring, serial_shops, shop,
          shapermc_ecumenical_altar_totnotflames,
          amcnicky_mini_rare_corridor_liquid, minmay_gold_behind_fungi
D:2:      minmay_alternating_diamond, layout_basic, minmay_misc_feat_tower,
          guppyfry_early_lair_pool, uniq_sigmund, uniq_robin,
          uniq_crazy_yiuf_cottage
D:3:      layout_loops_cross, serial_shops, shop_fountains
D:4:      layout_rooms, mainiacjoe_overflow_small_starburst,
          mainiacjoe_overflow_catwalk
D:5:      nicolae_cairo_tiling_very_big, layout_loops_ring,
          grunt_temple_overflow_opulence, nicolae_overflow_hidden_temple,
          lightli_minifort, uniq_duvessa
D:6:      layout_basic, kennysheep_mini, nicolae_shop_firing_range, uniq_edmund
D:7:      layout_loops_ring, nicolae_qazlal_general_emergency,
          nicolae_ashenzari_skybound, uniq_joseph
D:8:      layout_loops_ring, nicolae_yredelemnul_corpse_copse,
          david_lair_shrubbed
D:9:      layout_loops_ring, lemuel_tele_altar, orc_0_dummy, uniq_erolcha,
          uniq_maggie
Temple:   compressed_dpeg_triangle_lava_temple
Lair:1:   layout_cave_pods, infiniplex_staircase_pool_2, grunt_megastairs_3
Lair:2:   layout_small_grid, minmay_snake_entry_six_corridors,
          minmay_hedge_maze, kennysheep_snail_temple, serial_bayou_shore_b
Lair:3:   layout_concentric_octagons, minmay_swamp_entry_wisps,
          grunt_megastairs_4, infiniplex_staircase_pool, uniq_urug, uniq_fannar

Skill      XL: |  1  2  3  4  5  6  7  8  9 10 11 12 |
---------------+-------------------------------------+-----
Fighting       | 4 5 6 8 9 11 | 11.6
Maces & Flails | 3 4 5 7 8 9 10 | 10.4
Armour         | 4 5 6 8 9 11 | 11.6
Shields        | 4 5 6 8 9 11 | 11.6

Action                   |  1- 3 |  4- 6 |  7- 9 | 10-12 || total
-------------------------+-------+-------+-------+-------++-------
Melee: Flail             |    94 |   191 |   182 |       ||   467
       Mace              |       |       |    98 |   392 ||   490
Throw: Boomerang         |     4 |       |       |       ||     4
Invok: Heroism           |       |       |     1 |     2 ||     3
       Finesse           |       |       |       |     1 ||     1
  Use: Potion            |     4 |     2 |     4 |     8 ||    18
       Scroll            |       |     3 |     8 |     5 ||    16
Armor: Scale mail        |    57 |   107 |   129 |   231 ||   524
Dodge: Dodged            |    57 |   127 |   175 |   194 ||   553
Block: Buckler           |    27 |    37 |    60 |   117 ||   241
